 Dungeon Crawl Stone Soup version 0.24.0-13-gcf9b3192b9 (webtiles) character file.

Game seed: 10863060562567862412, levelgen mode: deterministic

115 Monsterracer the Charmwright (level 4, -1/27 HPs)
             Began as a Deep Elf Skald on Nov 5, 2019.
             Killed from afar by Sigmund (7 damage)
             ... with a puff of flame
             ... on level 3 of the Dungeon.
             The game lasted 00:02:34 (3332 turns).

Monsterracer the Charmwright (Deep Elf Skald)       Turns: 3332, Time: 00:02:34

Health: -1/27      AC:  3    Str: 14    XL:     4   Next: 68%
Magic:  5/10       EV: 12    Int: 18    God:
Gold:   109        SH:  0    Dex: 14    Spells: 0/9 levels left

rFire    . . .     SeeInvis .   a - +0 falchion
rCold    . . .     Gourm    .   (no shield)
rNeg     . . .     Faith    +   b - +0 leather armour
rPois    .         Spirit   .   (no helmet)
rElec    .         Reflect  .   (no cloak)
rCorr    .         Harm     .   (no gloves)
MR       .....                  (no boots)
Stlth    +.........             g - amulet of faith
HPRegen  0.09/turn              (no ring)
MPRegen  0.12/turn              (no ring)

@: confused, mighty
A: no striking features
a: no special abilities


You were on level 3 of the Dungeon.
You were not hungry.

You visited 1 branch of the dungeon, and saw 3 of its levels.

You collected 109 gold pieces.

Inventory:

Hand Weapons
 a - a +0 falchion (weapon)
Armour
 b - a +0 leather armour (worn)
Jewellery
 g - an amulet of faith (around neck)
   (You found it on level 1 of the Dungeon)
 h - an uncursed amulet of the acrobat {unknown}
   (You found it on level 1 of the Dungeon)
Scrolls
 e - 3 scrolls of remove curse {unknown}
 f - 2 scrolls of enchant weapon {unknown}
 j - 3 scrolls of immolation {unknown}
 l - 2 scrolls of teleportation {unknown}
 p - a scroll of magic mapping {unknown}
 r - 5 scrolls of identify {unknown}
 t - a scroll of random uselessness {unknown}
Potions
 m - a potion of magic {unknown}
 n - a potion of degeneration {unknown}
 o - a potion of experience {unknown}
 q - a potion of curing {unknown}
 s - a potion of cancellation {unknown}
Comestibles
 c - 7 rations
 d - a chunk of flesh


   Skills:
 + Level 2.5 Fighting
 * Level 3.7 Long Blades
 - Level 0.7 Armour
 - Level 2.4 Dodging
 - Level 3.0 Spellcasting
 + Level 1.0 Hexes
 - Level 4.4 Charms


You couldn't memorise any spells.
You knew the following spells:

 Your Spells              Type           Power        Failure   Level  Hunger
a - Infusion              Chrm           ###.         3%          1    None
c - Shroud of Golubria    Chrm/Tloc      ##....       13%         2    ##.....
d - Spectral Weapon       Hex/Chrm       ##......     21%         3    ###....
j - Regeneration          Chrm/Necr      ##........   26%         3    ###....

Your spell library contained the following spells:

 Spells                   Type           Power        Failure   Level  Hunger
 Song of Slaying          Chrm           ###.....     5%          2    ##.....


Dungeon Overview and Level Annotations

Branches:
Dungeon (3/15)

Altars:

Annotations:
D:3 Sigmund


Message History

Jessica blinks!
Jessica casts a spell at you. You resist with some effort.
Found a scroll labeled APORGH MOXTADIE.
Jessica gestures at you while chanting. You resist with some effort.
Jessica casts a spell.
Jessica blinks!
Jessica casts a spell at you. You resist with some effort.
Jessica mumbles some strange words.
Jessica blinks!
You see here a scroll labeled APORGH MOXTADIE.
You hit Jessica.
Jessica is moderately wounded.
Jessica hits you. Jessica hits you but does no damage.
You hit Jessica.
Jessica is severely wounded.
Jessica hits you but does no damage.
You closely miss Jessica.
Jessica is severely wounded.
Jessica barely misses you.
You barely miss Jessica.
Jessica is severely wounded.
Jessica misses you.
You hit Jessica.
You kill Jessica!
Your Hexes skill increases to level 1!
No target in view!
No target in view!
Your magical infusion is running out.
You are no longer magically infusing your attacks.
You are feeling hungry.
j - 3 scrolls labeled APORGH MOXTADIE (gained 1)
You see here a +0 robe.
You enter the shallow water.
Moving in this stuff is going to be slow.
You see here a +0 club.
Key pressed, stopping explore.
The leopard gecko hisses angrily.
The leopard gecko is too close now for your liking.
A leopard gecko is nearby!
A leopard gecko is nearby!
Casting: Infusion (safe; 3% risk of failure)
Confirm with . or Enter, or press ? or * to list all spells.
You begin infusing your attacks with magical energy.
You hit the leopard gecko.
The leopard gecko is heavily wounded.
The leopard gecko bites you.
The leopard gecko bites you but does no damage.
A leopard gecko is nearby!
You hit the leopard gecko!
You kill the leopard gecko!
Your magical infusion is running out.
You are no longer magically infusing your attacks.
You butcher the leopard gecko corpse.
d - 2 chunks of flesh You see here a leopard gecko skeleton. x2
Eating one of 2 chunks of flesh.
You eat one of the 2 chunks of flesh.
This raw flesh tastes terrible.
Key pressed, stopping explore.
No target in view!
No target in view!
Found a stone staircase leading up.
No target in view!
You see here a hunting sling.
You open the door.
Sigmund the Dreaded comes into view.
He is wielding a +0 scythe, wearing a +2 robe of cold resistance and carrying a wand of flame (9).
Sigmund shouts!
Sigmund hits you from afar with a +0 scythe.
Sigmund is nearby!
Casting: Infusion (safe; 3% risk of failure)
Confirm with . or Enter, or press ? or * to list all spells.
Okay, then.
Casting: Infusion (safe; 3% risk of failure)
Confirm with . or Enter, or press ? or * to list all spells.
You draw out your weapon's spirit!
Casting: Spectral Weapon (safe; 22% risk of failure)
Confirm with . or Enter, or press ? or * to list all spells.
Okay, then.
Casting: Spectral Weapon (safe; 22% risk of failure)
Confirm with . or Enter, or press ? or * to list all spells.
Space distorts slightly along a thin shroud covering your body.
Sigmund hits you from afar with a +0 scythe.
Your shroud falls apart!
You swap places.
Sigmund barely misses you.
There is an open door here.
You closely miss Sigmund.
Your spectral weapon hits Sigmund!
Sigmund zaps a wand.
The puff of flame hits you!
* * * LOW HITPOINT WARNING * * *
Okay, then.
You hit Sigmund but do no damage.
Sigmund is moderately wounded.
Your spectral weapon misses Sigmund.
Sigmund gestures at you while chanting.
You are confused.
It was a potion of might.
You feel very mighty all of a sudden.
Sigmund zaps a wand.
The puff of flame hits you!
You die...

#..................
##..........####''#
#.........## #..#
#........## #..#
#..###..## #..#
##)....## #††#
#.##### #..#
###(### #..#
#.@@..# #..#
#.....# ##..#
#.....# #.##.
###+### #.##. ##..#
#..# #..# #..# #..#


You could see Sigmund and a friendly spectral +0 falchion.

Vanquished Creatures
  An orc priest (D:3)
  Jessica (D:3)
  A dart slug (D:3)
  3 leopard geckos (D:1 D:2 D:3)
  5 orcs (D:3)
  4 bats (D:1 D:3)
  5 giant cockroaches (D:1 D:2 D:3)
  4 goblins (D:1 D:2)
  6 hobgoblins (D:1 D:2 D:3)
  2 jackals (D:3)
  4 kobolds (D:1 D:2 D:3)
  A quokka (D:2)
  A ball python (D:2)
  5 frilled lizards (D:1 D:2 D:3)
  4 rats (D:1 D:3)
47 creatures vanquished.

Notes
Turn   | Place    | Note
-------+----------+-------------------------------------------
     0 | D:1      | Monsterracer the Deep Elf Skald began the quest for the
                  | Orb.
     0 | D:1      | Reached XP level 1. HP: 12/12 MP: 6/6
    98 | D:1      | HP: 4/12 [hobgoblin/+0 club (4)]
   364 | D:1      | HP: 5/12 [goblin (3)]
   365 | D:1      | Reached XP level 2. HP: 7/17 MP: 8/8
   601 | D:1      | Learned a level 2 spell: Shroud of Golubria
  1405 | D:2      | HP: 8/17 [quokka (2)]
  1406 | D:2      | HP: 2/17 [quokka (2)]
  1757 | D:2      | Reached XP level 3. HP: 21/21 MP: 9/9
  1771 | D:2      | Learned a level 3 spell: Regeneration
  2306 | D:3      | HP: 8/21 [kobold/+0 dagger (3)]
  2590 | D:3      | HP: 9/21 [orc priest/divine providence (12)]
  2591 | D:3      | HP: 4/21 [orc/+0 trident (7)]
  2591 | D:3      | HP: 1/21 [orc (3)]
  2594 | D:3      | Reached XP level 4. HP: 26/27 MP: 3/10
  2606 | D:3      | HP: 9/27 [orc/+0 trident (9)]
  2609 | D:3      | HP: 2/27 [orc/+0 trident (7)]
  2933 | D:3      | Learned a level 3 spell: Spectral Weapon
  3068 | D:3      | Noticed Jessica
  3090 | D:3      | Killed Jessica
  3090 | D:3      | Reached skill level 1 in Hexes
  3325 | D:3      | Noticed Sigmund
  3330 | D:3      | HP: 6/27 [Sigmund/puff of flame (12)]
  3332 | D:3      | Killed from afar by Sigmund

Levels and vault maps discovered:
D:1:      zaba_arrival_water, layout_basic
D:2:      layout_loops_cross, minmay_pentomino_s2
D:3:      kennysheep_big_flooded_room, layout_basic, corner_web_ring,
          serial_bayou_lake_a, uniq_jessica, uniq_sigmund

Skill      XL: |  1  2  3  4 |
---------------+-------------+-----
Long Blades    | 2 3 |  3.7
Fighting       | 2 |  2.5
Hexes          | 1 |  1.0
Armour         | |  0.7
Dodging        | |  2.4
Spellcasting   | |  3.0
Charms         | |  4.4

Action                   |  1- 3 |  4- 6 || total
-------------------------+-------+-------++-------
Melee: Falchion          |   142 |    45 ||   187
 Cast: Infusion          |     2 |     4 ||     6
       Shroud of Golubri |     1 |     1 ||     2
       Regeneration      |     1 |       ||     1
       Spectral Weapon   |       |     1 ||     1
  Use: Potion            |     3 |     1 ||     4
  Eat: Chunk             |     4 |     4 ||     8
Armor: Leather armour    |    39 |    10 ||    49
Dodge: Dodged            |   113 |    33 ||   146
       Rpst.: Falchion   |    37 |     8 ||    45
